 Dungeon Crawl Stone Soup version 0.19-a0-179-g16b7179 (webtiles) character file.

30 GordonOverkill the Thaumaturge (level 3, 0/26 HPs)
             Began as a Draconian Fire Elementalist on May 23, 2016.
             Succumbed to a goblin's poison
             ... on level 1 of the Dungeon.
             The game lasted 00:02:18 (453 turns).

GordonOverkill the Thaumaturge (DrFE)                Turns: 453, Time: 00:02:19

Health: 0/26       AC:  5    Str: 10    XL:     3   Next: 5%
Magic:  0/13       EV: 12    Int: 16    God:
Gold:   11         SH:  0    Dex: 11    Spells: 1 memorised, 18 levels left

rFire  . . .     SeeInvis .     (no weapon)
rCold  . . .     Gourm    .     (armour unavailable)
rNeg   . . .     Faith    .     (no shield)
rPois  .         Spirit   .     (helmet restricted)
rElec  .         Dismiss  .     (no cloak)
rCorr  .         Reflect  .     (no gloves)
SustAt .         Harm     .     (no boots)
MR     .....                    (no amulet)
Stlth  ++........               (no ring)
                                (no ring)

@: lethally poisoned (0 -> -11), not resistant to hostile enchantments,
unstealthy
A: unfitting armour, cold-blooded, AC +5
a: no special abilities


You were on level 1 of the Dungeon.
You were not hungry.

You visited 1 branch of the dungeon, and saw 1 of its levels.

You collected 11 gold pieces.

Inventory:

Hand Weapons
 e - a +0 short sword
Scrolls
 c - a scroll of remove curse {unknown}
Books
 a - a book of Flames

   Spells                             Type                      Level
   a - Flame Tongue                   Conjuration/Fire             1
   b - Throw Flame                    Conjuration/Fire             2
   c - Conjure Flame                  Conjuration/Fire             3
   d - Inner Flame                    Hexes/Fire                   3
   e - Sticky Flame                   Conjuration/Fire             4
   f - Fireball                       Conjuration/Fire             5
Comestibles
 b - a bread ration
 f - a chunk of flesh


   Skills:
 - Level 1.7 Dodging
 - Level 1.7 Stealth
 + Level 0.4 Unarmed Combat
 - Level 8.7 Spellcasting
 + Level 2.0 Conjurations
 - Level 3.0 Fire Magic


You had 18 spell levels left.
You knew the following spells:

 Your Spells              Type           Power        Failure   Level  Hunger
a - Flame Tongue          Conj/Fire      ##...        4%          1    None


Dungeon Overview and Level Annotations

Branches:
Dungeon (1/15)

Altars:


Innate Abilities, Weirdness & Mutations

Your plain brown scales are hard (AC +5).
Your body does not fit into most forms of armour.
You are cold-blooded and may be slowed by cold attacks.


Message History

* * * LOW HITPOINT WARNING * * *
You feel sick.
* * * LOW HITPOINT WARNING * * *
You feel sick.
* * * LOW HITPOINT WARNING * * *
You feel sick.
Casting: Flame Tongue
Confirm with . or Enter, or press ? or * to list all spells.
Aiming: Flame Tongue
Press: ? - help, Shift-Dir - straight line, f/p - goblin
Aim: a goblin, wielding a dagger of venom (moderately wounded)
The flame tongue misses the goblin.
The flame tongue hits the hobgoblin.
The hobgoblin is moderately wounded.
* * * LOW HITPOINT WARNING * * *
You feel sick. The goblin barely misses you.
Really attack barehanded?
Okay, then.
* * * LOW HITPOINT WARNING * * *
You feel sick.
You die...

####### #.....# #.....#
####.....# #######
..##.....# .......
..##.....###########.[...?.
...'...†..ggg.g.@(.........
..##.....#########........#
..######## ###.).....
#......# ....... #......##
###....... .........
......##.. .........
....... . ........#
###.####.# ........#
##≈#.#≈##


You could see 3 hobgoblins and a goblin.

Vanquished Creatures
  A giant gecko (D:1)
  2 bats (D:1)
  2 hobgoblins (D:1)
  A goblin (D:1)
  2 kobolds (D:1)
  A rat (D:1)
9 creatures vanquished.

Vanquished Creatures (others)
  4 toadstools (D:1)
4 creatures vanquished.

Grand Total: 13 creatures vanquished

Notes
Turn   | Place    | Note
--------------------------------------------------------------
     0 | D:1      | GordonOverkill the Draconian Fire Elementalist began the quest for the Orb.
     0 | D:1      | Reached XP level 1. HP: 14/14 MP: 3/3
   403 | D:1      | Reached XP level 2. HP: 20/20 MP: 1/5
   446 | D:1      | Reached skill level 8 in Spellcasting
   446 | D:1      | Reached XP level 3. HP: 7/26 MP: 0/13
   451 | D:1      | HP: 1/26 [poisoned by a goblin]
   453 | D:1      | Succumbed to a goblin's poison

Vault maps used:
D:1:      ldierk_walled_garden_2

Skill      XL: |  1  2 |
---------------+-------+-----
Conjurations   | 2 |  2.0
Spellcasting   | 8 |  8.7
Dodging        | |  1.7
Stealth        | |  1.7
Unarmed Combat | |  0.4
Fire Magic     | |  3.0

Action                   || total
-------------------------++-------
Melee: Unarmed           ||    10
       Tailslap          ||     1
 Cast: Flame Tongue      ||    20
  Use: Potion            ||     1
Armor: Skin              ||     5
Dodge: Dodged            ||     9
